 Dungeon Crawl Stone Soup version 0.19-a0-1792-g28b16ba (webtiles) character file.

32 Amnesiac the Magician (level 3, -3/24 HPs)
             Began as a Mummy Wizard on Oct 5, 2016.
             Slain by a gnoll
             ... wielding a +0 spear of piercing
              (5 damage)
             ... on level 3 of the Dungeon.
             The game lasted 00:02:12 (868 turns).

Amnesiac the Magician (Mummy Wizard)                 Turns: 868, Time: 00:02:13

Health: -3/24      AC:  2    Str: 10    XL:     3   Next: 8%
Magic:  1/8        EV: 12    Int: 17    God:
Gold:   45         SH:  0    Dex: 11    Spells: 2 memorised, 7 levels left

rFire  x . .     SeeInvis .     e - +0 dagger
rCold  + . .     Gourm    .     a - +0 robe
rNeg   + + +     Faith    .     (no shield)
rPois  ∞         Spirit   .     b - +0 hat
rElec  .         Dismiss  .     (no cloak)
rCorr  .         Reflect  .     (no gloves)
MR     .....     Harm     .     (no boots)
Stlth  ++........               (no amulet)
                                (no ring)
                                (no ring)

@: very slightly contaminated
A: no food or potions, fire vulnerability, cold resistance 1, negative energy
resistance 3, torment resistance, unbreathing
a: no special abilities


You were on level 3 of the Dungeon.
You were not hungry.

You visited 1 branch of the dungeon, and saw 3 of its levels.

You collected 45 gold pieces.

Inventory:

Hand Weapons
 e - a +0 dagger (weapon)
Missiles
 f - 7 javelins (quivered)
Armour
 a - a +0 robe (worn)
 b - a +0 hat (worn)
Scrolls
 d - 3 scrolls of remove curse {unknown}
 g - a scroll of magic mapping {unknown}
 h - a scroll of enchant armour {unknown}
Books
 c - a book of Minor Magic

   Spells                             Type                      Level
   a - Magic Dart                     Conjuration                  1
   b - Blink                          Translocation                2
   c - Call Imp                       Summoning                    2
   d - Repel Missiles                 Charms/Air                   2
   e - Slow                           Hexes                        2
   f - Conjure Flame                  Conjuration/Fire             3
   g - Mephitic Cloud                 Conjuration/Poison/Air       3


   Skills:
 - Level 1.5 Dodging
 - Level 1.5 Stealth
 + Level 4.0 Spellcasting
 - Level 1.0 Conjurations
 - Level 0.7 Summonings
   Level 0.7 Translocations


You had 7 spell levels left.
You knew the following spells:

 Your Spells              Type           Power        Failure   Level  Hunger
d - Call Imp              Summ           #.......     21%         2    N/A
f - Magic Dart            Conj           #...         12%         1    N/A

Dungeon Overview and Level Annotations

Branches:
Dungeon (3/15)

Altars:
Zin


Innate Abilities, Weirdness & Mutations

You do not eat or drink.
Your flesh is vulnerable to fire.
You are immune to poison.
Your flesh is cold resistant. (rC+)
You are immune to negative energy. (rN+++)
You are immune to unholy pain and torment.
You can survive without breathing.


Message History

Your Spellcasting skill increases to level 4!
You have reached level 3!
Your experience leads to an increase in your attributes!
Increase (S)trength, (I)ntelligence, or (D)exterity?
You feel agile. What are your orders? t - Shout!
Orders for allies: a - Attack new target. r - Retreat! s - Stop attacking. g - Guard the area. f - Follow me.
Anything else - Cancel.
Gang up on whom?
Press: ? - help, Dir - move target cursor, f - gnoll
Aim: a gnoll, wielding a spear of piercing Attack!
Your white imp completely misses the gnoll.
Your white imp gestures at the gnoll.
The puff of frost hits the gnoll.
The gnoll hits you from afar with a spear of piercing.
You die...

####
#.@#
#.).#
#g5##
..##
...
..8.
...
...


You could see a gnoll and a friendly white imp.

Vanquished Creatures
  3 bats
  2 giant cockroaches
  A goblin (D:2)
  3 hobgoblins (D:2)
  3 kobolds
12 creatures vanquished.

Vanquished Creatures (collateral kills)
  3 gnolls (D:3)
  A hobgoblin (D:3)
4 creatures vanquished.

Grand Total: 16 creatures vanquished

Notes
Turn   | Place    | Note
-------+----------+-------------------------------------------
     0 | D:1      | Amnesiac the Mummy Wizard began the quest for the Orb.
     0 | D:1      | Reached XP level 1. HP: 13/13 MP: 4/4
    30 | D:1      | Reached skill level 1 in Conjurations
   338 | D:2      | Found a glowing silver altar of Zin.
   455 | D:2      | Reached XP level 2. HP: 13/19 MP: 0/6
   459 | D:2      | Learned a level 2 spell: Call Imp
   866 | D:3      | Reached skill level 4 in Spellcasting
   866 | D:3      | Reached XP level 3. HP: 2/24 MP: 1/8
   868 | D:3      | Slain by a gnoll

Vault maps used:
D:1:      dpeg_arrival_solitude
D:2:      zin_academy, fedhas_altar_4
D:3:      nicolae_overflow_hidden_temple, grunt_ministairs_6

Skill      XL: |  1  2 |
---------------+-------+-----
Conjurations   | 1 |  1.0
Spellcasting   | 4 |  4.0
Dodging        | |  1.5
Stealth        | |  1.5
Summonings     | |  0.7
Translocations | |  0.7

Action                   || total
-------------------------++-------
Melee: Dagger            ||    25
 Cast: Magic Dart        ||    29
       Call Imp          ||     3
Armor: Robe              ||    12
Dodge: Dodged            ||    34
